AoeStats
← slc

QS Arena

503468246Analyzed
2v2 RM · 2mo ago on Aug 31, 2026· 39m 37s· 4 players
Game mode
Random Map
Map size
Medium (4 player)
Population
200
Speed
Normal
Resources
Standard
Victory
Conquest
Starting age
Dark Age
Ending age
Imperial Age
RankedLock teamsTeams togetherTeam positionsShared explorationLock speedFull tech treeHidden civsTurbo modeCheats
Victory
Defeat
🇺🇸 Sicilians · United States
1306
+18
🇮🇩 Wei · Indonesia
1300
+18
vs
🇩🇪 Ethiopians · Germany
1402
-20
🇬🇧 Cumans · United Kingdom
1279
-15
slc
4:32 Loom
26:41 Feudal Age
31:43 Castle Age
30:58 Double-Bit Axe
31:11 Horse Collar
33:05 Wheelbarrow
32:56 Bow Saw
32:56 Heavy Plow
33:58 Bow Saw
40:02 Wheelbarrow
40:00 Padded Archer Armor
39:54 Fletching
goeinicholas
8:07 Feudal Age
9:05 Double-Bit Axe
11:56 Castle Age
10:01 Horse Collar
12:51 Bow Saw
12:43 Loom
17:52 Heavy Plow
19:44 Gold Mining
19:45 Stone Mining
21:21 Gold Shaft Mining
20:41 Stone Mining
22:02 Scale Barding Armor
24:33 Imperial Age
23:09 Chain Barding Armor
23:00 Forging
23:43 Wheelbarrow
23:27 Forging
24:06 Ballistics
23:42 Fletching
25:16 Iron Casting
24:55 Bloodlines
24:45 Husbandry
24:53 Heavy Hei Guang Cavalry
28:01 Blast Furnace
26:56 Bodkin Arrow
27:53 Ming Guang Armor
29:04 Chemistry
28:26 Padded Archer Armor
29:09 Parthian Tactics
30:35 Tuntian
30:51 Bracer
31:06 Leather Archer Armor
31:15 Thumb Ring
Lil' Linguini
5:35 Loom
7:51 Feudal Age
7:32 Loom
8:50 Double-Bit Axe
14:29 Fletching
22:53 Horse Collar
26:12 Castle Age
25:54 Scale Mail Armor
25:59 Scale Barding Armor
26:04 Forging
26:05 Gold Mining
26:34 Scale Barding Armor
27:10 Husbandry
28:15 Iron Casting
29:06 Wheelbarrow
34:16 Chain Barding Armor
36:36 Squires
36:37 Scale Mail Armor
36:29 Crossbowman
37:08 Bodkin Arrow
39:05 Bow Saw
38:57 Heavy Plow
ThePreb
1:44 Loom
8:20 Feudal Age
10:09 Double-Bit Axe
12:29 Wheelbarrow
14:49 Horse Collar
20:03 Scale Barding Armor
20:14 Bloodlines
24:44 Castle Age
23:25 Gold Mining
24:27 Forging
25:45 Hand Cart
29:01 Imperial Age
27:12 Gold Shaft Mining
26:32 Stone Mining
27:05 Light Cavalry
28:23 Iron Casting
29:07 Pikeman
30:12 Elite Steppe Lancer
31:10 Squires
31:20 Halberdier
33:43 Scale Mail Armor
34:23 Conscription
Connection lost

Rejoining the realm…

Still unreachable

The connection could not be restored.

Session expired

The server has moved on; the page needs a fresh start.